 Dungeon Crawl Stone Soup version 0.28.0-53-g5a82cb258f (webtiles) character file.

Game seed: 5040098902803127321

117 Gabide the Charlatan (level 5, 0/36 (39) HPs)
             Began as a Human Artificer on June 17, 2022.
             Slain by a fire bat (1 damage)
             ... on level 3 of the Dungeon.
             The game lasted 00:04:05 (2805 turns).

Gabide the Charlatan (Human Artificer)              Turns: 2805, Time: 00:04:05

HP:   0/36 (39)     AC:  5    Str: 13    XL:     5   Next: 22%
MP:   5/5           EV: 11    Int: 11    God:
Gold: 99            SH:  0    Dex: 15    Spells: 4/4 levels left

rFire   . . .      SeeInvis .   a - +0 club
rCold   . . .      Faith    .   (no shield)
rNeg    . . .      Spirit   .   i - +0 ring mail
rPois   .          Reflect  .   (no helmet)
rElec   .          Harm     .   (no cloak)
rCorr   .          Rampage  .   (no gloves)
Will    .....                   (no boots)
Stlth   +.........              (no amulet)
HPRegen 0.12/turn               (no ring)
MPRegen 0.09/turn               (no ring)

@: drained
A: no striking features
a: no special abilities


You were on level 3 of the Dungeon.
You visited 1 branch of the dungeon, and saw 3 of its levels.

You collected 99 gold pieces.

Inventory:

Hand Weapons
 a - a +0 club (weapon)
Armour
 i - a +0 ring mail (worn)
Wands
 c - a wand of flame (13) (quivered)
 d - a wand of charming (12)
Scrolls
 h - a scroll of magic mapping {unknown}
 j - a scroll of enchant weapon {unknown}
 k - a scroll of noise {unknown}
 o - a scroll of fog {unknown}
Potions
 b - a potion of magic {unknown}
 g - 2 potions of brilliance {unknown}
 l - a potion of might {unknown}
 m - 3 potions of lignification {unknown}
 n - a potion of ambrosia {unknown}
Miscellaneous
 e - a piece from Xom's chessboard (15/15)


   Skills:
 + Level 2.6 Fighting
 - Level 2.0 Armour
 + Level 2.7 Dodging
 - Level 1.0 Stealth
 + Level 4.0 Evocations


You had 4 spell levels left.
You didn't know any spells.
Your spell library contained the following spells:

 Spells                   Type           Power      Damage    Failure   Level
 Apportation              Tloc           0%         N/A       58%         1
 Beastly Appendage        Tmut           0%         N/A       58%         1
 Wereblood                Tmut           0%         N/A       75%         2
 Spider Form              Tmut/Pois      0%         N/A       92%         3
 Alistair's Intoxication  Tmut/Pois      0%         N/A       100%        5


Dungeon Overview and Level Annotations

Branches:
Dungeon (3/15)

Altars:


Message History

You destroy the ghost-faced bat!
The ghost-faced bat hits you but does no damage.
The ghost-faced bat misses you.
Aiming: Charm
Press: ? - help, Shift-Dir - straight line, f - you That would be overly suicidal.
Okay, then.
Unknown command.
Aiming: Charm
Press: ? - help, Shift-Dir - straight line, f - ghost-faced bat
Aim: a ghost-faced bat (infinite will)
The ghost-faced bat is unaffected.
The ghost-faced bat barely misses you.
A rotten bat comes into view.
The ghost-faced bat hits you but does no damage.
The ghost-faced bat barely misses you.
Blink to where?
Press: ? - help, Dir - move target, p - ghost-faced bat A vampire bat comes into view.
As you read the scroll labelled HOUPEG MEBB, it crumbles to dust.
It was a scroll of blinking.
The vampire bat bites you but does no damage.
Aiming: Charm
Press: ? - help, Shift-Dir - straight line, f - vampire bat
Aim: a vampire bat (chance to affect: 67%)
The vampire bat struggles to resist.
The vampire bat bites you but does no damage.
The vampire bat bites you.
* * * LOW HITPOINT WARNING * * *
The vampire bat draws strength from your injuries!
Aiming: Charm
Press: ? - help, Shift-Dir - straight line, f/p - vampire bat
Aim: a vampire bat (chance to affect: 67%)
The vampire bat struggles to resist.
The ghost-faced bat hits you.
* * * LOW HITPOINT WARNING * * *
The vampire bat bites you but does no damage.
The ghost-faced bat hits you but does no damage.
The fire bat bites you.
* * * LOW HITPOINT WARNING * * *
You are engulfed in flames.
You die...

#..b.## #......###.......#
#...##§####......##.#...#.##
### ##.####.....'..........
#### ##...##.....##.#...#.##
#..##
#..#..##.>.###.#.)...##
#...###.##...##.##
#.#.#.#.## ##.###.## #.Z.###
#.#.#.#.## ####.##.# #bZ.#
#.#....... #..†#..†## #@##
#.......## ######.†.# ##.#
#####.### #..##.# b# #.#
#####.############ #.#
####.##......)...# #.#
#....#.......###.# #.#
####.##...#..# #.#####.#
#.###.###.# #.......#
#.........# #########


You could see a ghost-faced bat, a fire bat, a vampire bat and a rotten bat.

Vanquished Creatures
  A worm (D:2)
  4 dart slugs
  2 fire bats (D:3)
  A spectral bat (D:3)
  12 bats
  3 bat skeletons (D:3)
  2 endoplasms
  A giant cockroach (D:2)
  2 goblins
  A hobgoblin (D:1)
  A quokka (D:1)
  5 ball pythons
  5 kobolds
  3 rats (D:1)
43 creatures vanquished.

Notes
Turn   | Place    | Note
-------+----------+-------------------------------------------
     0 | D:1      | Gabide the Human Artificer began the quest for the Orb.
     0 | D:1      | Reached XP level 1. HP: 15/15 MP: 1/1
   127 | D:1      | Found a faded altar of an unknown god.
   302 | D:1      | Reached XP level 2. HP: 20/21 MP: 2/2
  1293 | D:2      | Reached XP level 3. HP: 24/27 MP: 3/3
  2569 | D:3      | Reached XP level 4. HP: 24/33 MP: 4/4
  2693 | D:3      | Reached XP level 5. HP: 34/39 MP: 5/5
  2783 | D:3      | Reached skill level 4 in Evocations
  2805 | D:3      | HP: 1/36 [fire bat (3)]
  2805 | D:3      | Slain by a fire bat

Illustrated notes

Levels and vault maps discovered:
D:1:      minmay_arrival_plants_in_alcoves, layout_basic,
          shapermc_ecumenical_altar_gd
D:2:      wander_river, layout_basic
D:3:      layout_loops_corners, goddamned_bats

Skill      XL: |  1  2  3  4  5 |
---------------+----------------+-----
Dodging        | 2 |  2.7
Fighting       | 2 |  2.6
Evocations     | 4 |  4.0
Armour         | |  2.0
Stealth        | |  1.0

Action                   |  1- 3 |  4- 6 || total
-------------------------+-------+-------++-------
Melee: Club              |   118 |    82 ||   200
Evoke: Wand              |     1 |     4 ||     5
  Use: Scroll            |     1 |     1 ||     2
 Stab: Sleeping          |     3 |       ||     3
Armor: Leather armour    |    11 |       ||    11
       Ring mail         |    63 |   153 ||   216
Dodge: Dodged            |    99 |   221 ||   320
